 Dungeon Sprint DCSS version 0.26-a0-660-gc07710193c (webtiles) character file.

Game seed: 6836439417810179967

1817 mhtbhm the Earth Mage (level 9, -1/46 HPs)
             Began as a Gargoyle Earth Elementalist on Oct 6, 2020.
             Was a Follower of Vehumet.
             Slain by a deep troll (9 damage)
             ... in the Dungeon (Sprint I: "Red Sonja").
             The game lasted 00:04:50 (1042 turns).

mhtbhm the Earth Mage (Gargoyle Earth Elementalist) Turns: 1042, Time: 00:04:51

Health: -1/46      AC:  8    Str: 13    XL:     9   Next: 10%
Magic:  0/23       EV: 14    Int: 18    God:    Vehumet [*.....]
Gold:   535        SH:  0    Dex: 10    Spells: 14/29 levels left

rFire    . . .     SeeInvis .     - Unarmed
rCold    . . .     Faith    .   (no shield)
rNeg     + . .     Spirit   .   c - +0 robe
rPois    ∞         Reflect  .   (no helmet)
rElec    +         Harm     .   (no cloak)
rCorr    .         Rampage  .   (no gloves)
MR       .....     NoTele   +   (no boots)
Stlth    +++.......             (no amulet)
HPRegen  0.15/turn              (no ring)
MPRegen  0.18/turn              (no ring)

@: no status effects
A: negative energy resistance 1, electricity resistance, unbreathing,
petrification resistance, rot immunity, AC +6
a: Renounce Religion


You were in the Dungeon.
You worshipped Vehumet.
Vehumet was aware of your devotion.
You visited 1 branch You collected 535 gold pieces.

Inventory:

Missiles
 b - 10 stones (quivered)
 j - 6 curare-tipped darts
Armour
 c - a +0 robe (worn)
Scrolls
 i - a scroll of blinking
Potions
 a - a potion of mutation {unknown}
 d - a potion of curing
 e - a potion of heal wounds
 f - a potion of haste
 g - a potion of magic
 h - a potion of lignification {unknown}


   Skills:
 - Level 0.9 Fighting
 + Level 4.9 Dodging
 + Level 5.3 Stealth
 - Level 2.0 Unarmed Combat
 + Level 10.7 Spellcasting
 + Level 1.3 Conjurations
 + Level 1.1 Transmutations
 + Level 16.3 Earth Magic


You had 14 spell levels left.
You knew the following spells:

 Your Spells              Type           Power        Failure   Level
a - Sandblast             Erth           ######       0%          1
b - Passwall              Tmut/Erth      #####...     1%          2
c - Stone Arrow           Conj/Erth      #####.       1%          3
d - Lee's Rapid Deconstr  Erth           ######....   1%          5
e - Petrify               Tmut/Erth      #####...     1%          4

Your spell library contained the following spells:

 Spells                   Type           Power        Failure   Level
 Freeze                   Ice            #...         8%          1


Dungeon Overview and Level Annotations

Branches:
Dungeon (1/1)

Altars:
Cheibriados
Dithmenos
Elyvilon
Fedhas
Gozag
Hepliaklqana
Kikubaaqudgha
Makhleb
Nemelex Xobeh
Okawaru
Qazlal
Ru
Sif Muna
Trog
Uskayaw
Vehumet
Wu Jian
Xom
Yredelemnul
Zin
The Shining One
Jiyva
Lugonu

Shops:
D (


Innate Abilities, Weirdness & Mutations

You are resistant to torment.
Your stone body is resilient. (AC +6)
You are immune to poison.
You resist negative energy. (rN+)
You are resistant to electric shocks. (rElec)
You can survive without breathing.
You are immune to petrification.
You are immune to rotting.


Message History

Press: ? - help, Shift-Dir - straight line, f/p - deep troll
Aim: a deep troll (severely wounded)
The blast of sand hits the deep troll!
The deep troll is almost dead.
b - 11 stones The deep troll bites you!
The deep troll claws you.
* * * LOW HITPOINT WARNING * * *
The deep troll claws you.
* * * LOW HITPOINT WARNING * * *
Unknown command.
You aren't carrying any items that you can evoke.
Unknown command.
Throwing (i - inventory. (/) - cycle)
b - 11 stones (quivered)
Press: ? - help, Shift-Dir - straight line, f/p - deep troll
Aim: a deep troll (almost dead)
You throw a stone.
The stone closely misses the deep troll.
The deep troll closely misses you. The deep troll barely misses you.
The deep troll claws you!
You die...

##################
#<.#..)..#.)'..#__
#..[..#..'..#..'..
#..#####'#####'#__
#..####..#...#.###
#T.#__####..##.#≈≈
#@.#_____##)#_.+≈§
#⌠⌠#_.∩...'..._#≈§
####_..__##_.#'##+
#_____###'#.#
#########.####+
+...'$$. #...####
##.## #+#


You could see a deep troll.

Vanquished Creatures
  Sonja (D)
  2 kobold demonologists (D)
  A slime creature (D)
  Sigmund (D)
  A yak (D)
  A floating eye (D)
  An ogre (D)
  A jelly (D)
  Ijyb (D)
10 creatures vanquished.

Vanquished Creatures (others)
  A gargoyle (D)
1 creature vanquished.

Grand Total: 11 creatures vanquished

Notes
Turn   | Place    | Note
-------+----------+-------------------------------------------
     0 | D        | mhtbhm the Gargoyle Earth Elementalist began the quest for
                  | the Orb.
     0 | D        | Reached XP level 1. HP: 10/10 MP: 3/3
     2 | D        | Noticed Ijyb
    15 | D        | Killed Ijyb
    15 | D        | Reached skill level 6 in Earth Magic
    15 | D        | Reached XP level 2. HP: 14/15 MP: 0/6
    15 | D        | Reached XP level 3. HP: 17/19 MP: 0/7
   117 | D        | Noticed an ogre
   120 | D        | Killed an ogre
   120 | D        | Reached skill level 1 in Unarmed Combat
   120 | D        | Reached skill level 8 in Earth Magic
   120 | D        | Reached XP level 4. HP: 24/24 MP: 4/10
   180 | D        | Noticed Sigmund
   185 | D        | Killed Sigmund
   185 | D        | Reached skill level 11 in Earth Magic
   185 | D        | Reached XP level 5. HP: 25/28 MP: 7/13
   185 | D        | Reached XP level 6. HP: 29/33 MP: 8/15
   189 | D        | Learned a level 2 spell: Passwall
   193 | D        | Learned a level 3 spell: Stone Arrow
   199 | D        | Learned a level 5 spell: Lee's Rapid Deconstruction
   204 | D        | Learned a level 4 spell: Petrify
   217 | D        | Found an ornate altar of the Wu Jian Council.
   217 | D        | Found a shimmering blue altar of Sif Muna.
   219 | D        | Found a radiant altar of Vehumet.
   260 | D        | Found Jekecwer's Antique Weapon Emporium.
   260 | D        | Found an ancient bone altar of Kikubaaqudgha.
   260 | D        | Found a hazy altar of Hepliaklqana.
   260 | D        | Found a stormy altar of Qazlal.
   260 | D        | Found a hide-covered altar of Uskayaw.
   260 | D        | Found a blossoming altar of Fedhas.
   260 | D        | Found a bloodstained altar of Trog.
   260 | D        | Found an iron altar of Okawaru.
   260 | D        | Found a basalt altar of Yredelemnul.
   260 | D        | Found a glowing golden altar of the Shining One.
   260 | D        | Found a snail-covered altar of Cheibriados.
   260 | D        | Found a sacrificial altar of Ru.
   260 | D        | Found a glowing silver altar of Zin.
   260 | D        | Found a shadowy altar of Dithmenos.
   260 | D        | Found a white marble altar of Elyvilon.
   260 | D        | Noticed a yak
   262 | D        | Killed a yak
   262 | D        | Reached skill level 12 in Earth Magic
   262 | D        | Reached XP level 7. HP: 37/37 MP: 3/17
   263 | D        | Found an opulent altar of Gozag.
   264 | D        | Found a sparkling altar of Nemelex Xobeh.
   274 | D        | Became a worshipper of Vehumet
   365 | D        | Found a burning altar of Makhleb.
   365 | D        | Found a viscous altar of Jiyva.
   365 | D        | Found a shimmering altar of Xom.
   365 | D        | Found a corrupted altar of Lugonu.
   365 | D        | Noticed a slime creature
   384 | D        | Killed a slime creature
   384 | D        | Reached skill level 5 in Stealth
   384 | D        | Reached skill level 1 in Conjurations
   384 | D        | Reached skill level 13 in Earth Magic
   632 | D        | Noticed a kobold demonologist
   632 | D        | Noticed a kobold demonologist
   635 | D        | Killed a kobold demonologist
   635 | D        | Reached * piety under Vehumet
   635 | D        | Offered knowledge of Freeze by Vehumet.
   635 | D        | Reached skill level 14 in Earth Magic
   635 | D        | Reached XP level 8. HP: 42/42 MP: 3/21
   638 | D        | Killed a kobold demonologist
   638 | D        | Reached skill level 15 in Earth Magic
   777 | D        | Noticed a centaur warrior
   777 | D        | Noticed a centaur warrior
   788 | D        | Noticed Sonja
   796 | D        | Killed Sonja
   796 | D        | Reached skill level 10 in Spellcasting
   796 | D        | Reached skill level 1 in Transmutations
   796 | D        | Reached skill level 16 in Earth Magic
   796 | D        | Reached XP level 9. HP: 46/46 MP: 4/23
  1001 | D        | Noticed a deep troll
  1038 | D        | Killed a gargoyle
  1042 | D        | Slain by a deep troll

Illustrated notes

Levels and vault maps discovered:
D:        dungeon_sprint_1 [red_sonja_temple_1, red_sonja_temple_small_1]

Skill      XL: |  1  2  3  4  5  6  7  8 |
---------------+-------------------------+-----
Dodging        | 2 3 4 |  4.9
Spellcasting   | 3 4 6 7 9 10 | 10.7
Earth Magic    | 6 8 11 12 14 16 | 16.3
Stealth        | 3 4 5 |  5.3
Unarmed Combat | 1 2 |  2.0
Conjurations   | 1 |  1.3
Transmutations | 1 |  1.1
Fighting       | |  0.9

Action                   |  1- 3 |  4- 6 |  7- 9 || total
-------------------------+-------+-------+-------++-------
Melee: Unarmed           |     9 |       |       ||     9
Throw: Stone             |       |       |     1 ||     1
 Cast: Sandblast         |     4 |     4 |    11 ||    19
       Stone Arrow       |       |     2 |     1 ||     3
       Lee's Rapid Decon |       |     1 |    13 ||    14
       Petrify           |       |       |     5 ||     5
  Use: Potion            |     1 |       |     1 ||     2
Armor: Robe              |       |       |     4 ||     4
Dodge: Dodged            |     2 |       |    12 ||    14

Table legend: (Time is in decaauts)
 A = Elapsed time spent in this place.
 B = Non-inter-level travel time spent in this place.
 C = Inter-level travel time spent in this place.
 D = Time resting spent in this place.
 E = Time spent auto-exploring this place.
 F = Levels seen in this place.
 G = Mean time per level.
                   A        B        C        D        E       F      G
               +--------+--------+--------+--------+--------+-----+--------+
         Total |   1054 |   1054 |      0 |    744 |      0 |   1 | 1054.0 |
       Dungeon |   1054 |   1054 |      0 |    744 |      0 |   1 | 1054.0 |
               +--------+--------+--------+--------+--------+-----+--------+

Top non-repeatable levels by time:
       D: 1054 daAuts
